 Dungeon Crawl Stone Soup version 0.25-a0-425-g0e000e855e (webtiles) character file.

Game seed: 9376277498672136978, levelgen mode: deterministic

152 brandma555 the Firebug (level 5, -9/35 HPs)
             Began as a Human Fire Elementalist on Jan 24, 2020.
             Engulfed by a cloud of flame (24 damage)
             ... on level 3 of the Dungeon.
             The game lasted 00:22:51 (2036 turns).

brandma555 the Firebug (Human Fire Elementalist)    Turns: 2036, Time: 00:22:51

Health: -9/35      AC:  4    Str:  8    XL:     5   Next: 60%
Magic:  3/10       EV: 12    Int: 17    God:
Gold:   120        SH:  0    Dex: 13    Spells: 6/10 levels left

rFire    . . .     SeeInvis .   b - +0 hand axe
rCold    . . .     Gourm    .   (no shield)
rNeg     . . .     Faith    .   d - +0 robe
rPois    .         Spirit   .   y - +0 helmet
rElec    .         Reflect  .   (no cloak)
rCorr    .         Harm     .   (no gloves)
MR       .....                  f - +0 pair of boots
Stlth    ++........             (no amulet)
HPRegen  0.11/turn              (no ring)
MPRegen  0.12/turn              (no ring)

@: no status effects
A: no striking features
a: no special abilities


You were on level 3 of the Dungeon.
You were not hungry.

You visited 1 branch of the dungeon, and saw 3 of its levels.

You collected 120 gold pieces.

Inventory:

Hand Weapons
 b - a +0 hand axe (weapon)
Missiles
 l - 37 poisoned darts (quivered)
Armour
 a - a +0 robe
 d - a +0 robe (worn)
 f - a +0 pair of boots (worn)
 y - a +0 helmet (worn)
Jewellery
 s - an uncursed ring of fire {unknown}
 u - an uncursed amulet of the gourmand {unknown}
 B - a +5 ring of dexterity {unknown}
Scrolls
 e - 6 scrolls of identify {unknown}
 k - 2 scrolls of remove curse {unknown}
 m - 3 scrolls of fog {unknown}
 q - a scroll of amnesia {unknown}
 r - a scroll of random uselessness {unknown}
 w - a scroll of enchant armour {unknown}
 x - a scroll of enchant weapon {unknown}
Potions
 g - a potion of curing {unknown}
 h - a potion of lignification {unknown}
 i - 3 potions of haste {unknown}
 j - a potion of berserk rage {unknown}
 n - a potion of mutation {unknown}
 o - 2 potions of resistance {unknown}
 p - a potion of invisibility {unknown}
 t - a potion of brilliance {unknown}
 v - a potion of cancellation {unknown}
 z - 2 potions of flight {unknown}
Comestibles
 c - 3 rations


   Skills:
 - Level 2.0 Dodging
 - Level 2.0 Stealth
 + Level 3.3 Spellcasting
 + Level 2.9 Conjurations
 - Level 4.0 Fire Magic


You had 6 spell levels left.
You knew the following spells:

 Your Spells              Type           Power        Failure   Level  Hunger
a - Foxfire               Conj/Fire      ##..         4%          1    None
b - Conjure Flame         Conj/Fire      ##......     12%         3    ###....

Your spell library contained the following spells:

 Spells                   Type           Power        Failure   Level  Hunger
 Inner Flame              Hex/Fire       #.......     22%         3    ###....
 Sticky Flame             Conj/Fire      ##......     36%         4    ####...
 Fireball                 Conj/Fire      ##........   73%         5    ######.


Dungeon Overview and Level Annotations

Branches:
Dungeon (3/15)

Altars:


Message History

The orc wizard points at you and mumbles some strange words.
The puff of flame hits you!
The orc wizard gestures wildly while chanting.
The orc wizard seems to speed up.
Casting: Foxfire (safe; 4% risk of failure)
Confirm with . or Enter, or press ? or * to list all spells.
You conjure some foxfire!
The orc wizard gestures wildly while chanting.
The orc wizard blinks!
All of the chunks of flesh in your inventory have rotted away.
Casting: Foxfire (safe; 4% risk of failure)
Confirm with . or Enter, or press ? or * to list all spells.
The fire begins to smolder!
The orc wizard points at you and mumbles some strange words.
The magic dart hits you!
Casting: Conjure Flame (safe; 12% risk of failure)
Confirm with . or Enter, or press ? or * to list all spells.
The fire ignites!
You are engulfed in blazing flames.
Ouch! That really hurt!
You die...

....# #..... ...#
#### #..##.
......... #..#.. ...
..... .####.....
#...oo... .......#.#
###.#..§...
.###......
+...§o.....
.........#
#o################.#
#..@.....#.........#
########.#.######...
#.#.# #.....
#.#.####.#...
#.#..........
#.######.....
#..........#.
############.
#.......


You could see an orc wizard.

Vanquished Creatures
  A bullfrog (D:2)
  A gnoll (D:1)
  3 adders (D:2)
  An ooze (D:1)
  A worm (D:2)
  A leopard gecko (D:2)
  An orc (D:3)
  8 bats
  4 goblins
  5 hobgoblins
  4 jackals (D:1)
  A quokka (D:2)
  3 ball pythons
  A frilled lizard (D:2)
  6 kobolds
  3 rats
44 creatures vanquished.

Vanquished Creatures (others)
  124 foxfires
124 creatures vanquished.

Grand Total: 168 creatures vanquished

Notes
Turn   | Place    | Note
-------+----------+-------------------------------------------
     0 | D:1      | brandma555 the Human Fire Elementalist began the quest for
                  | the Orb.
     0 | D:1      | Reached XP level 1. HP: 13/13 MP: 3/3
   335 | D:1      | Reached XP level 2. HP: 10/19 MP: 1/5
   524 | D:1      | Reached XP level 3. HP: 19/24 MP: 1/6
   946 | D:2      | Noticed a bullfrog
   957 | D:2      | Killed a bullfrog
   957 | D:2      | Reached XP level 4. HP: 18/30 MP: 1/8
   957 | D:2      | Reached XP level 5. HP: 21/35 MP: 1/9
  1136 | D:2      | Reached skill level 4 in Fire Magic
  1620 | D:3      | Learned a level 3 spell: Conjure Flame
  2036 | D:3      | Engulfed by a cloud of flame

Levels and vault maps discovered:
D:1:      minmay_arrival_jagged, layout_loops_ring
D:2:      layout_rooms
D:3:      minmay_bubble_buster, layout_basic

Skill      XL: |  1  2  3  4  5 |
---------------+----------------+-----
Spellcasting   | 3 |  3.3
Conjurations   | 2 |  2.9
Fire Magic     | 4 |  4.0
Dodging        | |  2.0
Stealth        | |  2.0

Action                   |  1- 3 |  4- 6 || total
-------------------------+-------+-------++-------
Melee: Hand axe          |     6 |     4 ||    10
 Cast: Foxfire           |    28 |    48 ||    76
       Conjure Flame     |       |     2 ||     2
  Eat: Chunk             |       |     4 ||     4
Armor: Robe              |     4 |     5 ||     9
Dodge: Dodged            |    14 |    11 ||    25

Table legend:
 A = Non-vault XP
 B = Vault XP
 C = Vault XP percentage of total XP
 D = Non-vault monster count
 E = Vault monster count
 F = Vault count percentage of total count
                 A         B        C        D         E       F
            +---------+---------+-------+---------+---------+-------
      Total |     215 |       3 |   1.4 |      43 |       1 |   2.3
            +---------+---------+-------+---------+---------+-------
        D:1 |      36 |       0 |   0.0 |      11 |       0 |   0.0
        D:2 |     165 |       0 |   0.0 |      23 |       0 |   0.0
        D:3 |      14 |       3 |  17.6 |       9 |       1 |  10.0
            +---------+---------+-------+---------+---------+-------
